TOP OF THE 1ST |
Fresno Grizzlies batting - Pitching for Buffalo Bisons : RHP Art Nobles
|
Pitching: RHP Art Nobles
|
|
Batting: RHB Mark Marks
|
0-0: Swinging Strike 0-1: Ball 1-1: Foul Ball, location: 2F 1-2: Foul Ball, location: 2F 1-2: Ball 2-2: Foul Ball, location: 2F 2-2: Ground out 5-3 (Groundball, 56, EV 85.6 MPH)
|
Batting: LHB Bob Dietz
|
0-0: Called Strike 0-1: Called Strike 0-2: SOLO HOME RUN (Flyball, 9LD, EV 93.8 MPH), Distance : 340 ft
|
Batting: LHB Angelo Vasquez
|
0-0: Ball 1-0: Called Strike 1-1: Ground out 5-3 (Groundball, 5S, EV 76.2 MPH)
|
Batting: RHB Dale Young
|
0-0: Called Strike 0-1: Fly out, F8 (Line Drive, 8RM, EV 98.1 MPH)
|
Top of the 1st over - 1 run, 1 hit, 0 errors, 0 left on base; Fresno 1 - Buffalo 0 |
BOTTOM OF THE 1ST |
Buffalo Bisons batting - Pitching for Fresno Grizzlies : RHP Josh Holloway
|
Pitching: RHP Josh Holloway
|
|
Batting: RHB Michel Martineau
|
0-0: Called Strike 0-1: Swinging Strike 0-2: Ball 1-2: Ball 2-2: Strikes out swinging
|
Batting: RHB Frank Caulfield
|
0-0: Called Strike 0-1: Ground out 5-3 (Groundball, 56S, EV 80.6 MPH)
|
Batting: SHB Dominik Hasek II
|
0-0: Ball 1-0: Ball 2-0: Foul Ball, location: 2F 2-1: Foul Ball, location: 2F 2-2: Foul Ball, location: 2F 2-2: Strikes out swinging
|
Bottom of the 1st over - 0 runs, 0 hits, 0 errors, 0 left on base; Fresno 1 - Buffalo 0 |
TOP OF THE 2ND |
Fresno Grizzlies batting - Pitching for Buffalo Bisons : RHP Art Nobles
|
Batting: LHB Mark Dearth
|
0-0: Called Strike 0-1: Ball 1-1: Ball 2-1: Foul Ball, location: 2F 2-2: Ball 3-2: Ground out 4-3 (Groundball, 4, EV 82.5 MPH)
|
Batting: RHB Sam Spohn
|
0-0: DOUBLE (Flyball, 78XD, EV 102.5 MPH)
|
Batting: RHB Nick Deegan
|
0-0: Ball 1-0: Ball 2-0: Ball 3-0: Base on Balls
|
Batting: RHB Workneh Lagat
|
0-0: Called Strike 0-1: Ball 1-1: Fly out, F6 (Line Drive, 6, EV 71.2 MPH)
|
Batting: RHB Edgar Trejo
|
0-0: Ball 1-0: Ball 2-0: Fly out, F7 (Line Drive, 78M, EV 87.5 MPH)
|
Top of the 2nd over - 0 runs, 1 hit, 0 errors, 2 left on base; Fresno 1 - Buffalo 0 |
BOTTOM OF THE 2ND |
Buffalo Bisons batting - Pitching for Fresno Grizzlies : RHP Josh Holloway
|
Batting: RHB Alex Ramos
|
0-0: Swinging Strike 0-1: Called Strike 0-2: Strikes out swinging
|
Batting: RHB Kyle Scruggs
|
0-0: Called Strike 0-1: Ball 1-1: Ball 2-1: SINGLE (Groundball, 56S, EV 66.2 MPH) (infield hit)
|
Batting: LHB Gabe Pace
|
0-0: Ball 1-0: Ball 2-0: Swinging Strike 2-1: Ball 3-1: Base on Balls Kyle Scruggs to second
|
Batting: RHB Leo Mair
|
0-0: Foul Ball, location: 2F 0-1: Swinging Strike 0-2: Ball 1-2: Strikes out swinging
|
Batting: RHB Väinö Tapaninen
|
0-0: Called Strike 0-1: Fly out, F8 (Flyball, 8RD, EV 106.2 MPH)
|
Bottom of the 2nd over - 0 runs, 1 hit, 0 errors, 2 left on base; Fresno 1 - Buffalo 0 |
TOP OF THE 3RD |
Fresno Grizzlies batting - Pitching for Buffalo Bisons : RHP Art Nobles
|
Batting: RHB Mark Marks
|
0-0: Called Strike 0-1: Ball 1-1: SINGLE (Groundball, 6MD, EV 105.0 MPH)
|
Batting: LHB Bob Dietz
|
0-0: Grounds into double play, 6-4-3 (Groundball, 6, EV 104.4 MPH)
|
Batting: LHB Angelo Vasquez
|
0-0: Called Strike 0-1: Ball 1-1: Foul Ball, location: 2F 1-2: Foul Ball, location: 2F 1-2: Ball 2-2: Foul Ball, location: 2F 2-2: Ball 3-2: Foul Ball, location: 2F 3-2: Fly out, F7 (Flyball, 78D, EV 101.9 MPH)
|
Top of the 3rd over - 0 runs, 1 hit, 0 errors, 0 left on base; Fresno 1 - Buffalo 0 |
BOTTOM OF THE 3RD |
Buffalo Bisons batting - Pitching for Fresno Grizzlies : RHP Josh Holloway
|
Batting: RHB Bryan Peterson
|
0-0: Called Strike 0-1: Ball 1-1: Ball 2-1: Bunt missed! 2-2: Ball 3-2: Foul Ball, location: 2F 3-2: Base on Balls
|
Batting: RHB Michel Martineau
|
0-0: Foul Ball, location: 2F 0-1: Called Strike 0-2: Strikes out looking
|
Batting: RHB Frank Caulfield
|
0-0: Ball 1-0: Called Strike 1-1: Fly out, F7 (Flyball, 78S, EV 83.1 MPH)
|
Batting: SHB Dominik Hasek II
|
0-0: Ball 1-0: Ball 2-0: Ball 3-0: Base on Balls Bryan Peterson to second
|
Batting: RHB Alex Ramos
|
0-0: Swinging Strike 0-1: Fly out, F7 (Flyball, 7LS, EV 88.8 MPH)
|
Bottom of the 3rd over - 0 runs, 0 hits, 0 errors, 2 left on base; Fresno 1 - Buffalo 0 |
TOP OF THE 4TH |
Fresno Grizzlies batting - Pitching for Buffalo Bisons : RHP Art Nobles
|
Batting: RHB Dale Young
|
0-0: Ground out 6-3 (Groundball, 6, EV 103.1 MPH)
|
Batting: LHB Mark Dearth
|
0-0: Ground out U3 (Groundball, 13, EV 80.0 MPH)
|
Batting: RHB Sam Spohn
|
0-0: Foul Ball, location: 2F 0-1: Ball 1-1: DOUBLE (Line Drive, 5D, EV 101.2 MPH)
|
Batting: RHB Nick Deegan
|
0-0: Ball 1-0: Foul Ball, location: 2F 1-1: Swinging Strike 1-2: Ball 2-2: Ball 3-2: Base on Balls
|
Batting: RHB Workneh Lagat
|
0-0: Fly out, F8 (Flyball, 8LS, EV 93.8 MPH)
|
Top of the 4th over - 0 runs, 1 hit, 0 errors, 2 left on base; Fresno 1 - Buffalo 0 |
BOTTOM OF THE 4TH |
Buffalo Bisons batting - Pitching for Fresno Grizzlies : RHP Josh Holloway
|
Batting: RHB Kyle Scruggs
|
0-0: Ball 1-0: Ball 2-0: Ball 3-0: Ground out 6-3 (Groundball, 6, EV 84.4 MPH)
|
Batting: LHB Gabe Pace
|
0-0: Called Strike 0-1: Ball 1-1: Foul Ball, location: 2F 1-2: Strikes out swinging
|
Batting: RHB Leo Mair
|
0-0: Ball 1-0: Called Strike 1-1: Ball 2-1: Called Strike 2-2: Ball 3-2: Reached on error, E4 (Groundball, 4, EV 103.1 MPH)
|
Batting: RHB Väinö Tapaninen
|
0-0: Ball 1-0: Ball 2-0: Called Strike 2-1: Foul Ball, location: 2F 2-2: Fly out, F8 (Flyball, 89D, EV 97.5 MPH)
|
Bottom of the 4th over - 0 runs, 0 hits, 1 error, 1 left on base; Fresno 1 - Buffalo 0 |
TOP OF THE 5TH |
Fresno Grizzlies batting - Pitching for Buffalo Bisons : RHP Art Nobles
|
Batting: RHB Edgar Trejo
|
0-0: Called Strike 0-1: Ground out 6-3 (Groundball, 56D, EV 80.0 MPH)
|
Batting: RHB Mark Marks
|
0-0: Ball 1-0: Called Strike 1-1: Foul Ball, location: 2F 1-2: DOUBLE (Groundball, 5L, EV 103.1 MPH)
|
Batting: LHB Bob Dietz
|
0-0: Ball 1-0: Foul Ball, location: 2F 1-1: Ball 2-1: Called Strike 2-2: Foul Ball, location: 2F 2-2: Ground out 5-3 (Groundball, 56, EV 76.2 MPH)
|
Batting: LHB Angelo Vasquez
|
0-0: Ball 1-0: Ball 2-0: Foul Ball, location: 2F 2-1: Swinging Strike 2-2: Ball 3-2: Ground out 4-3 (Groundball, 34, EV 91.2 MPH)
|
Top of the 5th over - 0 runs, 1 hit, 0 errors, 1 left on base; Fresno 1 - Buffalo 0 |
BOTTOM OF THE 5TH |
Buffalo Bisons batting - Pitching for Fresno Grizzlies : RHP Josh Holloway
|
Batting: RHB Bryan Peterson
|
0-0: Swinging Strike 0-1: Ball 1-1: Foul Ball, location: 2F 1-2: Strikes out swinging
|
Batting: RHB Michel Martineau
|
0-0: Called Strike 0-1: Foul Ball, location: 2F 0-2: Ball 1-2: DOUBLE (Line Drive, 9LD, EV 107.5 MPH)
|
Batting: RHB Frank Caulfield
|
0-0: Ball 1-0: Ground out 4-3 (Groundball, 4, EV 81.2 MPH) Michel Martineau to third
|
Batting: SHB Dominik Hasek II
|
0-0: Called Strike 0-1: Ground out 5-3 (Groundball, 56S, EV 64.4 MPH)
|
Bottom of the 5th over - 0 runs, 1 hit, 0 errors, 1 left on base; Fresno 1 - Buffalo 0 |
TOP OF THE 6TH |
Fresno Grizzlies batting - Pitching for Buffalo Bisons : RHP Art Nobles
|
Batting: RHB Dale Young
|
0-0: Foul Ball, location: 2F 0-1: Ground out 4-3 (Groundball, 34, EV 103.1 MPH)
|
Batting: LHB Mark Dearth
|
0-0: SINGLE (Line Drive, 89M, EV 103.1 MPH)
|
Batting: RHB Sam Spohn
|
0-0: Called Strike 0-1: Ground out 5-3 (Groundball, 56S, EV 64.4 MPH) Mark Dearth to second
|
Batting: RHB Nick Deegan
|
0-0: Ground out U3 (Groundball, 13, EV 87.5 MPH)
|
Top of the 6th over - 0 runs, 1 hit, 0 errors, 1 left on base; Fresno 1 - Buffalo 0 |
BOTTOM OF THE 6TH |
Buffalo Bisons batting - Pitching for Fresno Grizzlies : RHP Josh Holloway
|
Pitching: RHP Alex Salinas
|
|
Batting: RHB Alex Ramos
|
0-0: DOUBLE (Line Drive, 89D, EV 107.5 MPH)
|
Batting: RHB Kyle Scruggs
|
0-0: Ball 1-0: Fly out, F8 (Flyball, 8LS, EV 89.4 MPH)
|
Batting: LHB Gabe Pace
|
0-0: Ball 1-0: Ball 2-0: Ball 3-0: Base on Balls
|
Batting: RHB Leo Mair
|
0-0: Ball Alex Ramos steals 3rd base Gabe Pace to second 1-0: Ball 2-0: Foul Ball, location: 2F 2-1: Called Strike 2-2: Foul Ball, location: 2F 2-2: DOUBLE (Line Drive, 78XD, EV 101.9 MPH) Alex Ramos scores Gabe Pace scores
|
Batting: RHB Väinö Tapaninen
|
0-0: Called Strike 0-1: Ball 1-1: Ball 2-1: Ball 3-1: Fly out, F3 (Popup, 3F, EV 68.8 MPH)
|
Batting: RHB Bryan Peterson
|
0-0: Ball 1-0: Called Strike 1-1: Called Strike 1-2: Ball 2-2: Ground out 6-3 (Groundball, 6MS, EV 68.1 MPH)
|
Bottom of the 6th over - 2 runs, 2 hits, 0 errors, 1 left on base; Fresno 1 - Buffalo 2 |
TOP OF THE 7TH |
Fresno Grizzlies batting - Pitching for Buffalo Bisons : RHP Art Nobles
|
Batting: RHB Workneh Lagat
|
0-0: Ball 1-0: Ball 2-0: Ball 3-0: Called Strike 3-1: Swinging Strike 3-2: SINGLE (Line Drive, 6D, EV 98.1 MPH)
|
Batting: RHB Edgar Trejo
|
0-0: Bunted foul 0-1: Bunted foul 0-2: Foul Ball, location: 2F 0-2: SINGLE (Groundball, 56D, EV 106.9 MPH) Workneh Lagat to second
|
Batting: RHB Mark Marks
|
0-0: Called Strike 0-1: Ball 1-1: Bunt missed! 1-2: Fly out, F8 (Flyball, 78M, EV 87.5 MPH)
|
Pinch Runner at 2nd Jimmy Edlin:
|
|
Batting: LHB Bob Dietz
|
0-0: SINGLE (Flyball, 78S, EV 98.8 MPH) Jimmy Edlin to third Edgar Trejo to second Throwing error, E7 Jimmy Edlin scores Edgar Trejo to third Bob Dietz to second
|
Batting: LHB Angelo Vasquez
|
0-0: Intentional Walk
|
Batting: RHB Dale Young
|
0-0: Called Strike 0-1: Ball 1-1: Called Strike 1-2: Fly out, F9 (Flyball, 9, EV 86.9 MPH)
|
Batting: LHB Mark Dearth
|
0-0: Ball 1-0: Ball 2-0: Ball 3-0: Called Strike 3-1: Fly out, F7 (Flyball, 7S, EV 87.5 MPH)
|
Top of the 7th over - 1 run, 3 hits, 1 error, 3 left on base; Fresno 2 - Buffalo 2 |
BOTTOM OF THE 7TH |
Buffalo Bisons batting - Pitching for Fresno Grizzlies : RHP Alex Salinas
|
Now at 3B: Dale Young
|
|
Now in LF: Bob Dietz
|
|
Now in RF: Jimmy Edlin
|
|
Batting: RHB Michel Martineau
|
0-0: Called Strike 0-1: Ball 1-1: Foul Ball, location: 2F 1-2: Ball 2-2: Ball 3-2: Ground out 6-3 (Groundball, 6, EV 102.5 MPH)
|
Batting: RHB Frank Caulfield
|
0-0: Ball 1-0: Ball 2-0: Called Strike 2-1: TRIPLE (Groundball, 3L, EV 96.2 MPH)
|
Batting: SHB Dominik Hasek II
|
0-0: Ball 1-0: Ball 2-0: Ball 3-0: Base on Balls
|
Batting: RHB Alex Ramos
|
0-0: Foul Ball, location: 2F Pickoff Throw to First - Out! 1-3 0-1: Foul Ball, location: 2F 0-2: Foul Ball, location: 2F 0-2: Ball 1-2: Hit by Pitch
|
Batting: RHB Kyle Scruggs
|
0-0: Foul Ball, location: 2F 0-1: Swinging Strike 0-2: Ground out 2-3 (Groundball, 13S, EV 64.4 MPH)
|
Bottom of the 7th over - 0 runs, 1 hit, 0 errors, 2 left on base; Fresno 2 - Buffalo 2 |
TOP OF THE 8TH |
Fresno Grizzlies batting - Pitching for Buffalo Bisons : RHP Art Nobles
|
Batting: RHB Sam Spohn
|
0-0: Called Strike 0-1: Ground out 6-3 (Groundball, 6, EV 104.4 MPH)
|
Pitching: RHP Chris Kroesen
|
|
Batting: RHB Nick Deegan
|
0-0: Foul Ball, location: 2F 0-1: Swinging Strike 0-2: Fly out, F8 (Flyball, 8LD, EV 78.1 MPH)
|
Batting: LHB Jimmy Edlin
|
0-0: Called Strike 0-1: Foul Ball, location: 2F 0-2: Ball 1-2: Fly out, F7 (Flyball, 7S, EV 93.1 MPH)
|
Top of the 8th over - 0 runs, 0 hits, 0 errors, 0 left on base; Fresno 2 - Buffalo 2 |
BOTTOM OF THE 8TH |
Buffalo Bisons batting - Pitching for Fresno Grizzlies : RHP Alex Salinas
|
Pitching: RHP Bobby Leija
|
|
Batting: LHB Gabe Pace
|
0-0: Ground out 5-3 (Groundball, 5S, EV 72.5 MPH)
|
Batting: RHB Leo Mair
|
0-0: Called Strike 0-1: Ball 1-1: Ball 2-1: Ball 3-1: Foul Ball, location: 2F 3-2: Strikes out looking
|
Batting: RHB Väinö Tapaninen
|
0-0: Called Strike 0-1: Swinging Strike 0-2: Fly out, F9 (Flyball, 9S, EV 88.8 MPH)
|
Bottom of the 8th over - 0 runs, 0 hits, 0 errors, 0 left on base; Fresno 2 - Buffalo 2 |
TOP OF THE 9TH |
Fresno Grizzlies batting - Pitching for Buffalo Bisons : RHP Chris Kroesen
|
Batting: RHB Edgar Trejo
|
0-0: Ball 1-0: Ball 2-0: Called Strike 2-1: Ball 3-1: Base on Balls
|
Batting: RHB Mark Marks
|
0-0: Ball 1-0: Bunt missed! 1-1: Bunted foul 1-2: Ball 2-2: Strikes out swinging
|
Batting: LHB Bob Dietz
|
0-0: Foul Ball, location: 2F 0-1: Ball Edgar Trejo is caught stealing 2nd base 2-6 1-1: Ball 2-1: Ball 3-1: Foul Ball, location: 2F 3-2: Ground out 6-3 (Groundball, 56, EV 89.4 MPH)
|
Top of the 9th over - 0 runs, 0 hits, 0 errors, 0 left on base; Fresno 2 - Buffalo 2 |
BOTTOM OF THE 9TH |
Buffalo Bisons batting - Pitching for Fresno Grizzlies : RHP Bobby Leija
|
Pitching: RHP Jordan Tejeda
|
|
Pinch Hitting: LHB Rodrigo Briceno
|
0-0: Ball 1-0: Fly out, F7 (Flyball, 7S, EV 90.6 MPH)
|
Batting: RHB Michel Martineau
|
0-0: Foul Ball, location: 2F 0-1: Ball 1-1: Ball 2-1: Ground out 1-3 (Groundball, 34S, EV 66.9 MPH)
|
Batting: RHB Frank Caulfield
|
0-0: Called Strike 0-1: Called Strike 0-2: Foul Ball, location: 2F 0-2: Strikes out looking
|
Bottom of the 9th over - 0 runs, 0 hits, 0 errors, 0 left on base; Fresno 2 - Buffalo 2 |
TOP OF THE 10TH |
Fresno Grizzlies batting - Pitching for Buffalo Bisons : RHP Chris Kroesen
|
Pitching: LHP Mitchel Larson
|
|
Now at C: Kyle Davis
|
|
Batting: RHB Elijah Hunter
|
0-0: Swinging Strike 0-1: Called Strike 0-2: Ball 1-2: Strikes out swinging
|
Pitching: RHP Joe Spencer
|
|
Batting: RHB Dale Young
|
0-0: Ball 1-0: Called Strike 1-1: Fly out, F9 (Flyball, 9D, EV 100.6 MPH)
|
Batting: LHB Mark Dearth
|
0-0: Swinging Strike 0-1: Fly out, F9 (Flyball, 9S, EV 82.5 MPH)
|
Top of the 10th over - 0 runs, 0 hits, 0 errors, 0 left on base; Fresno 2 - Buffalo 2 |
BOTTOM OF THE 10TH |
Buffalo Bisons batting - Pitching for Fresno Grizzlies : RHP Jordan Tejeda
|
Batting: SHB Dominik Hasek II
|
0-0: Ball 1-0: Ball 2-0: Called Strike 2-1: Foul Ball, location: 2F 2-2: Ball 3-2: Foul Ball, location: 2F 3-2: Strikes out looking
|
Batting: RHB Alex Ramos
|
0-0: Ball 1-0: Called Strike 1-1: Foul Ball, location: 2F 1-2: Ball 2-2: Fly out, F7 (Flyball, 78D, EV 100.0 MPH)
|
Batting: RHB Kyle Scruggs
|
0-0: Called Strike 0-1: Swinging Strike 0-2: Strikes out looking
|
Bottom of the 10th over - 0 runs, 0 hits, 0 errors, 0 left on base; Fresno 2 - Buffalo 2 |
TOP OF THE 11TH |
Fresno Grizzlies batting - Pitching for Buffalo Bisons : RHP Joe Spencer
|
Batting: RHB Sam Spohn
|
0-0: Foul Ball, location: 2F 0-1: Ball 1-1: Called Strike 1-2: Ball 2-2: Foul Ball, location: 2F 2-2: Fly out, F9 (Flyball, 89S, EV 85.0 MPH)
|
Batting: RHB Nick Deegan
|
0-0: Called Strike 0-1: Ground out 5-3 (Groundball, 56, EV 111.9 MPH)
|
Batting: LHB Jimmy Edlin
|
0-0: Ball 1-0: Foul Ball, location: 2F 1-1: Foul Ball, location: 2F 1-2: Ball 2-2: Strikes out swinging
|
Top of the 11th over - 0 runs, 0 hits, 0 errors, 0 left on base; Fresno 2 - Buffalo 2 |
BOTTOM OF THE 11TH |
Buffalo Bisons batting - Pitching for Fresno Grizzlies : RHP Jordan Tejeda
|
Batting: LHB Gabe Pace
|
0-0: Swinging Strike 0-1: SINGLE (Groundball, 34D, EV 110.6 MPH)
|
Batting: RHB Leo Mair
|
0-0: Ball 1-0: Ball 2-0: Called Strike 2-1: Ball 3-1: Swinging Strike 3-2: SINGLE (Groundball, 25, EV 73.1 MPH) (infield hit) Gabe Pace to second
|
Batting: RHB Väinö Tapaninen
|
0-0: Ball 1-0: Ball 2-0: Sac Bunt to 2L - play at first, batter OUT! 2-4 Gabe Pace to third Leo Mair to second
|
Batting: RHB Kyle Davis
|
0-0: Fielders Choice at home, 5-2 (Groundball, 5, EV 80.0 MPH) Leo Mair to third
|
Batting: RHB Michel Martineau
|
0-0: Ball 1-0: Ball 2-0: Ball 3-0: Called Strike 3-1: Called Strike 3-2: Fly out, F3 (Popup, 3L, EV 63.8 MPH)
|
Bottom of the 11th over - 0 runs, 2 hits, 0 errors, 2 left on base; Fresno 2 - Buffalo 2 |
TOP OF THE 12TH |
Fresno Grizzlies batting - Pitching for Buffalo Bisons : RHP Joe Spencer
|
Batting: RHB Edgar Trejo
|
0-0: Ball 1-0: Foul Ball, location: 2F 1-1: Foul Ball, location: 2F 1-2: Foul Ball, location: 2F 1-2: Foul Ball, location: 2F 1-2: Strikes out swinging
|
Batting: RHB Mark Marks
|
0-0: Called Strike 0-1: Foul Ball, location: 2F 0-2: Ball 1-2: Ball 2-2: Foul Ball, location: 2F 2-2: Foul Ball, location: 2F 2-2: SINGLE (Groundball, 34D, EV 107.5 MPH)
|
Pitching: LHP Dylan Batstone
|
|
Batting: LHB Bob Dietz
|
0-0: Ball Mark Marks is caught stealing 2nd base 2-6 1-0: Called Strike 1-1: DOUBLE (Groundball, 5L, EV 103.8 MPH)
|
Batting: RHB Elijah Hunter
|
0-0: Ball 1-0: Ball 2-0: Foul Ball, location: 2F 2-1: Ball 3-1: Base on Balls
|
Batting: RHB Dale Young
|
0-0: Called Strike 0-1: Ball 1-1: Swinging Strike 1-2: Ball 2-2: Ball 3-2: Strikes out swinging
|
Top of the 12th over - 0 runs, 2 hits, 0 errors, 2 left on base; Fresno 2 - Buffalo 2 |
BOTTOM OF THE 12TH |
Buffalo Bisons batting - Pitching for Fresno Grizzlies : RHP Jordan Tejeda
|
Pitching: LHP Curt Joseph
|
|
Batting: RHB Frank Caulfield
|
0-0: Ball 1-0: Foul Ball, location: 2F 1-1: Called Strike 1-2: Strikes out swinging
|
Batting: SHB Dominik Hasek II
|
0-0: Ball 1-0: Ball 2-0: Foul Ball, location: 2F 2-1: Ball 3-1: Called Strike 3-2: Fly out, F7 (Flyball, 7LS, EV 91.2 MPH)
|
Batting: RHB Alex Ramos
|
0-0: Ground out 6-3 (Groundball, 6, EV 89.4 MPH)
|
Bottom of the 12th over - 0 runs, 0 hits, 0 errors, 0 left on base; Fresno 2 - Buffalo 2 |
TOP OF THE 13TH |
Fresno Grizzlies batting - Pitching for Buffalo Bisons : LHP Dylan Batstone
|
Batting: LHB Mark Dearth
|
0-0: Ball 1-0: Called Strike 1-1: Ball 2-1: Foul Ball, location: 2F 2-2: Strikes out swinging
|
Batting: RHB Sam Spohn
|
0-0: Ball 1-0: Ball 2-0: Called Strike 2-1: Foul Ball, location: 2F 2-2: Foul Ball, location: 2F 2-2: Ball 3-2: DOUBLE (Line Drive, 8RXD, EV 96.9 MPH)
|
Batting: RHB Nick Deegan
|
0-0: Intentional Walk
|
Pitching: RHP Mel Schultz
|
|
Batting: LHB Jimmy Edlin
|
0-0: Called Strike 0-1: Ground out 5-3 (Groundball, 5, EV 92.5 MPH) Sam Spohn to third Nick Deegan to second
|
Batting: RHB Edgar Trejo
|
0-0: Ball 1-0: Swinging Strike 1-1: Ball 2-1: SINGLE (Line Drive, 5D, EV 95.0 MPH) Sam Spohn scores Nick Deegan to third Runner from 3rd tries for Home, SAFE, throw by LF to home
|
Batting: RHB Mark Marks
|
0-0: Ball 1-0: Fly out, F9 (Flyball, 9LM, EV 88.8 MPH)
|
Top of the 13th over - 2 runs, 2 hits, 0 errors, 1 left on base; Fresno 4 - Buffalo 2 |
BOTTOM OF THE 13TH |
Buffalo Bisons batting - Pitching for Fresno Grizzlies : LHP Curt Joseph
|
Batting: RHB Kyle Scruggs
|
0-0: Fly out, F4 (Popup, 23, EV 83.1 MPH)
|
Pinch Hitting: RHB John Loving
|
0-0: Called Strike 0-1: Foul Ball, location: 2F 0-2: Ball 1-2: Ball 2-2: Foul Ball, location: 2F 2-2: Fly out, F8 (Flyball, 8RM, EV 75.6 MPH)
|
Batting: RHB Leo Mair
|
0-0: Ball 1-0: Ball 2-0: Ball 3-0: Called Strike 3-1: SINGLE (Groundball, 34S, EV 70.6 MPH) (infield hit)
|
Batting: RHB Väinö Tapaninen
|
0-0: Ball 1-0: Ball 2-0: Called Strike 2-1: Ball 3-1: Base on Balls Leo Mair to second
|
Batting: RHB Kyle Davis
|
0-0: Fly out, F6 (Popup, 6M, EV 60.6 MPH)
|
Bottom of the 13th over - 0 runs, 1 hit, 0 errors, 2 left on base; Fresno 4 - Buffalo 2 |
|